 Dungeon Crawl Stone Soup version 0.27-a0-1188-g73eefd5def (webtiles) character file.

Game seed: 6906706543346714408

116 Strat the Skirmisher (level 5, -4/57 HPs)
             Began as an Ogre Monk on May 21, 2021.
             Slain by a gnoll
             ... wielding a +0 club
              (8 damage)
             ... on level 2 of the Dungeon.
             The game lasted 00:04:38 (2826 turns).

Strat the Skirmisher (Ogre Monk)                    Turns: 2826, Time: 00:04:40

Health: -4/57      AC:  3    Str: 16    XL:     5   Next: 1%
Magic:  5/5        EV: 10    Int: 11    God:
Gold:   108        SH:  0    Dex: 11    Spells: 4/4 levels left

rFire    . . .     SeeInvis .   a - +0 hand axe
rCold    . . .     Faith    .   (no shield)
rNeg     . . .     Spirit   .   b - +0 robe
rPois    .         Reflect  .   (helmet restricted)
rElec    .         Harm     .   (no cloak)
rCorr    .         Rampage  .   (gloves unavailable)
Will     .....                  (boots unavailable)
Stlth    ++........             (no amulet)
HPRegen  0.19/turn              (no ring)
MPRegen  0.09/turn              (no ring)

@: no status effects
A: large, unfitting armour, tough skin 1
a: no special abilities


You were on level 2 of the Dungeon.
You visited 1 branch of the dungeon, and saw 2 of its levels.

You collected 108 gold pieces.

Inventory:

Hand Weapons
 a - a +0 hand axe (weapon)
 f - a +0 flail
Missiles
 c - 57 stones (quivered)
 e - 4 javelins
Armour
 b - a +0 robe (worn)
Jewellery
 h - an amulet of regeneration
Scrolls
 g - a scroll of immolation
 i - a scroll of identify
 j - a scroll of teleportation {unknown}
Potions
 d - a potion of might


   Skills:
 * Level 5.5 Fighting
 * Level 4.2 Axes
 + Level 1.6 Throwing
 - Level 2.6 Dodging
 - Level 1.4 Stealth


You had 4 spell levels left.
You didn't know any spells.
Your spell library contained the following spells:

 Spells                   Type           Power      Damage    Failure   Level
 Summon Small Mammal      Summ           0%         N/A       34%         1
 Call Imp                 Summ           0%         N/A       47%         2
 Call Canine Familiar     Summ           0%         N/A       71%         3
 Summon Guardian Golem    Hex/Summ       0%         N/A       71%         3
 Summon Ice Beast         Ice/Summ       0%         N/A       98%         4
 Summon Lightning Spire   Summ/Air       0%         N/A       98%         4


Dungeon Overview and Level Annotations

Branches:
Dungeon (2/15)

Altars:


Innate Abilities, Weirdness & Mutations

You are too large for most types of armour.
You have tough skin. (AC +1)


Message History

You hit the gnoll.
The gnoll is severely wounded.
The gnoll completely misses you.
You closely miss the gnoll.
The gnoll is severely wounded.
The gnoll hits you with a +0 club.
* * * LOW HITPOINT WARNING * * *
You closely miss the gnoll.
The gnoll is severely wounded.
The gnoll hits you with a +0 club.
* * * LOW HITPOINT WARNING * * *
The gnoll hits you with a +0 club.
* * * LOW HITPOINT WARNING * * *
You hit the gnoll.
The gnoll is severely wounded.
The gnoll hits you with a +0 club.
* * * LOW HITPOINT WARNING * * *
You hit the gnoll.
The gnoll is severely wounded.
The gnoll barely misses you.
You hit the gnoll.
The gnoll is almost dead.
The gnoll hits you with a +0 club.
* * * LOW HITPOINT WARNING * * *
You hit the gnoll.
The gnoll is almost dead.
The gnoll hits you with a +0 club.
* * * LOW HITPOINT WARNING * * *
You barely miss the gnoll.
The gnoll is almost dead.
The gnoll hits you with a +0 club.
* * * LOW HITPOINT WARNING * * *
You closely miss the gnoll.
The gnoll is almost dead.
The gnoll hits you with a +0 club.
* * * LOW HITPOINT WARNING * * *
You barely miss the gnoll.
The gnoll is almost dead.
The gnoll hits you with a +0 club!
You die...

....#######.##...........♣♣♣♣..##
...#######....................##
.............†..........#######
..........#####.........#
...######.# #.........##### ####
#.# #.............# ### #.#
##.##########.# ...
###################.# ###
#...wg@.#....)..#.#
#.#####.#.#####.#.#
#...#.#†#...#.#.# #####
#.#.).#.#.#...#.# ....#
#.#####.#.#####.# #####
#.......#.......#
#################


You could see a worm and a gnoll.

Vanquished Creatures
  3 adders (D:2)
  3 gnolls (D:2)
  A worm (D:2)
  A dart slug (D:2)
  5 endoplasms
  3 giant cockroaches
  2 hobgoblins (D:1)
  8 jackals
  4 kobolds
  3 quokkas (D:2)
  2 ball pythons
  7 bats
  2 frilled lizards
  4 goblins
  6 rats
54 creatures vanquished.

Vanquished Creatures (others)
  2 plants (D:2)
2 creatures vanquished.

Grand Total: 56 creatures vanquished

Notes
Turn   | Place    | Note
-------+----------+-------------------------------------------
     0 | D:1      | Strat the Ogre Monk began the quest for the Orb.
     0 | D:1      | Reached XP level 1. HP: 24/24 MP: 1/1
   162 | D:1      | Reached XP level 2. HP: 32/32 MP: 2/2
   608 | D:1      | Reached XP level 3. HP: 40/40 MP: 3/3
  1221 | D:2      | Reached skill level 1 in Throwing
  1728 | D:2      | Reached skill level 5 in Fighting
  1850 | D:2      | Reached XP level 4. HP: 36/50 MP: 4/4
  2811 | D:2      | Reached XP level 5. HP: 44/57 MP: 5/5
  2826 | D:2      | Slain by a gnoll

Illustrated notes

Levels and vault maps discovered:
D:1:      evilmike_arrival_hilbert_curve, layout_basic, minmay_cut_off
D:2:      layout_rooms, serial_forest, infiniplex_forest_corner_2,
          infiniplex_forest_end_3, infiniplex_forest_end_2,
          infiniplex_forest_end_1, patterned_corridor

Skill      XL: |  1  2  3  4 |
---------------+-------------+-----
Throwing       | 1 |  1.6
Fighting       | 5 |  5.5
Axes           | 4 |  4.2
Dodging        | |  2.6
Stealth        | |  1.4

Action                   |  1- 3 |  4- 6 || total
-------------------------+-------+-------++-------
Melee: Hand axe          |   145 |    81 ||   226
Throw: Stone             |     2 |     1 ||     3
  Use: Scroll            |       |     4 ||     4
 Stab: Sleeping          |     3 |       ||     3
Armor: Robe              |    51 |    21 ||    72
Dodge: Dodged            |    98 |    36 ||   134

Table legend: (Time is in decaauts)
 A = Elapsed time spent in this place.
 B = Non-inter-level travel time spent in this place.
 C = Inter-level travel time spent in this place.
 D = Time resting spent in this place.
 E = Time spent auto-exploring this place.
 F = Levels seen in this place.
 G = Mean time per level.
                   A        B        C        D        E       F      G
               +--------+--------+--------+--------+--------+-----+--------+
         Total |   2852 |   2784 |     68 |    658 |   1554 |   2 | 1426.0 |
       Dungeon |   2852 |   2784 |     68 |    658 |   1554 |   2 | 1426.0 |
               +--------+--------+--------+--------+--------+-----+--------+

Top non-repeatable levels by time:
     D:2: 1654 daAuts
     D:1: 1197 daAuts
